 Dungeon Crawl Stone Soup version 0.17.0-28-g6e173f8 (console) character file.

41 jw the Ducker (level 3, -1/26 HPs)
             Began as an Octopode Berserker on Nov 23, 2015.
             Was a Follower of Trog.
             Slain by Sigmund
             ... wielding a +0 scythe
              (9 damage)
             ... on level 2 of the Dungeon.
             The game lasted 00:03:13 (1625 turns).

jw the Ducker (Octopode Berserker)                  Turns: 1625, Time: 00:03:13

Health: -1/26      AC:  1    Str: 16    XL:     3   Next: 52%
Magic:  3/3        EV: 13    Int:  9    God:    Trog [*.....]
Gold:   79         SH:  0    Dex: 12    Spells: 0 memorised, 2 levels left

rFire  . . .     SeeInvis .     a - +0 short sword
rCold  . . .     Clarity  .     (no shield)
rNeg   . . .     SustAt   .     (helmet restricted)
rPois  .         Gourm    .     (no amulet)
rElec  .         Spirit   .     (no ring)
rCorr  .         Warding  .     (no ring)
rMut   .         Stasis   .     (no ring)
MR     .....                    (no ring)
Stlth  +++.......               (no ring)
                                (no ring)
                                (no ring)
                                (no ring)

@: exhausted, slowed, very slow, not resistant to hostile enchantments, fairly
stealthy
A: almost no armour, amphibious, 8 rings, constrict 8, camouflage 1, gelatinous
body 1
a: Berserk, Burn Spellbooks, Renounce Religion


You were on level 2 of the Dungeon.
You worshipped Trog.
Trog was aware of your devotion.
You were very hungry.

You visited 1 branch of the dungeon, and saw 2 of its levels.

You collected 79 gold pieces.

Inventory:

Hand Weapons
 a - a +0 short sword (weapon)
Missiles
 g - 18 stones (quivered)
Scrolls
 h - 2 scrolls of remove curse
Potions
 c - a potion of flight {unknown}
 d - a potion of cure mutation {unknown}
 e - a potion of might {unknown}
Comestibles
 b - a bread ration


   Skills:
 + Level 3.1 Fighting
 * Level 3.3 Short Blades
 + Level 1.2 Throwing
 + Level 3.3 Dodging
 * Level 2.2 Stealth


You had 2 spell levels left.
You didn't know any spells.

Dungeon Overview and Level Annotations

Branches:
Dungeon (2/15)

Altars:

Annotations:
D:2 Sigmund


Innate Abilities, Weirdness & Mutations

You cannot wear most types of armour.
You are amphibious.
You can wear up to eight rings at the same time.
You can use your tentacles to constrict eight enemies at once.
Your skin changes colour to match your surroundings (Stealth).
Your rubbery body absorbs attacks (AC +1).


Message History

ATTACK MOVE TO (0,-1) ATTACK MOVE TO (0,-1) ATTACK MOVE TO (0,-1)
You open the door.
ATTACK MOVE TO (0,-1)
You feel the effects of Trog's Hand fading.
There is an open door here.
ATTACK MOVE TO (0,-1) ATTACK MOVE TO (0,-1)
Something hits you!
ATTACK MOVE TO (0,-1) ATTACK MOVE TO (0,1)
Your skin stops crawling.
You feel less resistant to hostile enchantments.
Something hits you.
ATTACK MOVE TO (0,-1)
Something hits you.
ATTACK MOVE TO (0,1)
Something hits you!
You die...

### #.. #.# #.# #.. #.#
+.. #.# #.. #.# #.. #.#
#.. #x# # #.. #.# .## #..
########'###... ###
#..............#
#..........[...# .#
#..............# .#
#.............#######.##
#......................#
#......?....>..........+.


There were no monsters in sight!

Table legend:
 A = Turns spent in this place as a percentage of turns spent in the entire game.
 B = Non-inter-level travel turns spent in this place as a percentage of non-inter-level travel turns spent in the entire game.
 C = Inter-level travel turns spent in this place as a percentage of turns spent in this place.
 D = Turns resting spent in this place as a percentage of non-inter-level travel turns spent in this place.
 E = Turns spent auto-exploring this place as a percentage of non-inter-level travel turns spent in this place.
 F = Non-inter-level travel turns spent in this place divided by the number of levels of this place that you've seen.
                   A       B       C       D       E      F
               +-------+-------+-------+-------+-------+----------------------
         Total | 100.0 | 100.0 |   0.3 |   0.8 |   2.9 | 789.5
       Dungeon | 100.0 | 100.0 |   0.3 |   0.8 |   2.9 | 789.5
               +-------+-------+-------+-------+-------+----------------------

Table legend:
 A = Kills in this place as a percentage of kills in entire the game.
 B = Kills by you in this place as a percentage of kills by you in the entire game.
 C = Kills by friends in this place as a percentage of kills by friends in the entire game.
 D = Other kills in this place as a percentage of other kills in the entire game.
 E = Experience gained in this place as a percentage of experience gained in the entire game.
 F = Experience gained in this place divided by the number of levels of this place that you have seen.
                   A       B       C       D       E      F
               +-------+-------+-------+-------+-------+----------------------
         Total | 100.0 | 100.0 |  -nan |  -nan | 100.0 |  29.5
       Dungeon | 100.0 | 100.0 |  -nan |  -nan | 100.0 |  29.5
               +-------+-------+-------+-------+-------+----------------------

Vanquished Creatures
  An adder (D:2)
  An ooze (D:2)
  A worm (D:2)
  A giant gecko (D:2)
  A giant cockroach (D:1)
  2 goblins
  A hobgoblin (D:2)
  2 jackals (D:1)
  6 kobolds
  4 bats
  2 rats
22 creatures vanquished.

Vanquished Creatures (others)
  A hobgoblin (D:2)
  A kobold (D:2)
2 creatures vanquished.

Grand Total: 24 creatures vanquished

Notes
Turn   | Place    | Note
--------------------------------------------------------------
     0 | D:1      | jw the Octopode Berserker began the quest for the Orb.
     0 | D:1      | Reached XP level 1. HP: 16/16 MP: 1/1
   402 | D:1      | Reached skill level 1 in Stealth
   417 | D:1      | Reached XP level 2. HP: 21/21 MP: 2/2
  1266 | D:2      | Reached XP level 3. HP: 22/26 MP: 3/3
  1319 | D:2      | Reached skill level 1 in Throwing
  1568 | D:2      | Reached ** piety under Trog
  1604 | D:2      | Noticed Sigmund
  1625 | D:2      | Slain by Sigmund

Action                   || total
-------------------------++-------
Melee: Short sword       ||    34
Throw: Stone             ||    11
Invok: Berserk           ||     2
       Trog's Hand       ||     1
  Use: Scroll            ||     3
       Potion            ||     3
 Stab: Sleeping          ||     3
  Eat: Chunk             ||     3

Vault maps used:
D:1:      lemuel_arrival_behind_the_door_small, eino_curves_02
D:2:      first_bread, lemuel_flame_loot_1, uniq_sigmund
